 Dungeon Crawl Stone Soup version 0.31-a0-1118-gbca3d03946 (webtiles) character file.

Game seed: 17672203902104550213

24 Dirtsage the Conjurer (level 2, 0/19 HPs)
             Began as a Demonspawn Conjurer on Dec 4, 2023.
             Frozen to death by an endoplasm (3 damage)
             ... on level 1 of the Dungeon.
             The game lasted 00:02:15 (913 turns).

Dirtsage the Conjurer (Demonspawn Conjurer)          Turns: 913, Time: 00:02:16

Health: 0/19       AC:  6    Str:  6 (7)  XL:     2   Next: 79%
Magic:  0/5        EV: 12    Int: 17 (18) God:
Gold:   71         SH:  4    Dex:  9 (11) Spells: 2/5 levels left

rFire   . . .        c - staff of death
rCold   . . .        (no shield)
rNeg    + . .        a - +0 robe
rPois   .            (no helmet)
rElec   .            f - +2 cloak
rCorr   .            d - +0 pair of gloves
SInv    .            (no boots)
Will    .....        (no amulet)
Stlth   ++           W - ring of wizardry
HPRegen 0.23/turn    (no ring)
MPRegen 0.09/turn

%: wizardry (x1)
@: hasted, very quick
A: condensation shield
a: no special abilities


You were on level 1 of the Dungeon.
You visited 1 branch of the dungeon, and saw 1 of its levels.

You collected 71 gold pieces.

Inventory:

Armour
 a - a +0 robe (worn)
 d - a +0 pair of gloves (worn)
 f - a +2 cloak (worn)
Magical Staves
 c - a staff of death (weapon)
Jewellery
 W - a ring of wizardry (left hand)
Scrolls
 g - a scroll of poison {unknown}
Potions
 b - a potion of magic
 e - a potion of degeneration
 i - a potion of cancellation {unknown}


   Skills:
 - Level 1.7 Dodging
 - Level 1.7 Stealth
 + Level 2.3 Spellcasting
 * Level 4.4 Conjurations
 + Level 1.0 Hexes


You had 2 spell levels left.
You knew the following spells:

 Your Spells              Type           Power      Damage    Failure   Level
a - Magic Dart            Conj           68%        1d6       1%          1
b - Searing Ray           Conj           34%        2d5       1%          2

Your spell library contained the following spells:

 Spells                   Type           Power      Damage    Failure   Level
 Dazzling Flash           Conj/Hex       22%        N/A       8%          3
 Sigil of Binding         Hex            5%         N/A       16%         3
 Call Canine Familiar     Summ           1%         N/A       22%         3
 Fulminant Prism          Conj/Hex       5%         3d7       24%         4
 Iskenderun's Mystic Bla  Conj/Tloc      9%         2d4       28%         4
 Dimensional Bullseye     Hex/Tloc       1%         N/A       50%         4
 Leda's Liquefaction      Hex/Erth       1%         N/A       50%         4


Dungeon Overview and Level Annotations

Branches:
Dungeon (1/15)

Altars:


Innate Abilities, Weirdness & Mutations

A meltable shield of frost defends you. (SH +4)


Message History

The endoplasm is lightly wounded.
The endoplasm freezes you.
You are frozen.
You take 3 damage, and have 10/19 hp.
You hit the endoplasm.
The endoplasm is heavily wounded.
The endoplasm hits you but does no damage.
You hit the endoplasm but do no damage.
The endoplasm is heavily wounded.
The endoplasm misses you.
You barely miss the endoplasm.
The endoplasm is heavily wounded.
The endoplasm freezes you.
You are frozen.
You take 4 damage, and have 6/19 hp.
MASSIVE DAMAGE!!
You hit the endoplasm but do no damage.
The endoplasm is heavily wounded.
The endoplasm misses you. The endoplasm freezes you.
You are frozen.
* * * LOW HITPOINT WARNING * * *
You take 3 damage, and have 3/19 hp.
Aiming: Magic Dart (safe; 1% risk of failure)
Press: ? - help, Q - select action, (/) - cycle Shift-Dir - straight line, f/p - endoplasm
Aim: an endoplasm (heavily wounded, 100% to hit)
The magic dart hits the endoplasm.
The endoplasm is severely wounded.
The endoplasm misses you.
You now have 0/5 mp.
You don't have enough magic to cast this spell.
Unknown command.
It was a potion of degeneration.
There was something very wrong with that liquid.
You feel weakened.
You feel dopey.
You feel clumsy. You block the endoplasm's attack.
Okay, then.
It was a potion of haste.
You feel yourself speed up. The endoplasm freezes you.
You are frozen.
You die...

..#.#.#.#.##...# ##.....###'##
....#.#...##...# #........'.#
#...#..........# ##.....###'##
#.#...#######..# ####...###...#
#.#.........)..# #.###.##'..<..
#.##......###.######.#
#'#.##...#
#...........#........#
##.####.##
###..........#######.#######
#'#.
#.......#....J@..#.......###'#.
#............###.#.......##....
#.............. #.......##....
#...........#....#.##....##....
#..............#.#....##.......
#..........#####....###########
#........... .... ###########
.....# ....>


You could see an endoplasm.

Vanquished Creatures
  A dart slug (D:1)
  2 ball pythons (D:1)
  3 endoplasms (D:1)
  A giant cockroach (D:1)
  4 hobgoblins (D:1)
  2 quokkas (D:1)
  3 bats (D:1)
  2 kobolds (D:1)
  2 rats (D:1)
20 creatures vanquished.

Notes
Turn   | Place    | Note
-------+----------+-------------------------------------------
     0 | D:1      | Dirtsage the Demonspawn Conjurer began the quest for the
                  | Orb.
     0 | D:1      | Reached XP level 1. HP: 13/13 MP: 3/3
   300 | D:1      | Gained mutation: A meltable shield of frost defends you.
                  | (SH +4) [demonic ancestry]
   300 | D:1      | Reached XP level 2. HP: 14/19 MP: 1/5
   680 | D:1      | Reached skill level 1 in Hexes
   714 | D:1      | Learned a level 2 spell: Searing Ray
   913 | D:1      | Frozen to death by an endoplasm

Illustrated notes

Levels and vault maps discovered:
D:1:      dpeg_arrival_rhombi, layout_basic

Skill      XL: |  1  2 |
---------------+-------+-----
Hexes          | 1 |  1.0
Dodging        | |  1.7
Stealth        | |  1.7
Spellcasting   | |  2.3
Conjurations   | |  4.4

Action                     || total
---------------------------++-------
  Melee: Staff             ||    70
         Unarmed           ||     2
         Punch             ||     1
   Cast: Magic Dart        ||    32
    Use: Potion            ||     2
 Armour: Robe              ||    42
  Dodge: Dodged            ||    57
  Block: Other             ||     3

Table legend: (Time is in decaauts)
 A = Elapsed time spent in this place.
 B = Non-inter-level travel time spent in this place.
 C = Inter-level travel time spent in this place.
 D = Time resting spent in this place.
 E = Time spent auto-exploring this place.
 F = Levels seen in this place.
 G = Mean time per level.
                   A        B        C        D        E       F      G
               +--------+--------+--------+--------+--------+-----+--------+
         Total |    926 |    926 |      0 |     30 |    666 |   1 |  926.0 |
       Dungeon |    926 |    926 |      0 |     30 |    666 |   1 |  926.0 |
               +--------+--------+--------+--------+--------+-----+--------+

Top non-repeatable levels by time:
     D:1: 926 daAuts
